AoeStats
← superhillbilly

Arabia

510336087Analyzed
1v1 RM · 20h ago on Sep 30, 2026· 51m 19s· 2 players
Game mode
Random Map
Map size
Tiny (2 player)
Population
200
Speed
Normal
Resources
Standard
Victory
Conquest
Starting age
Dark Age
Ending age
Imperial Age
RankedLock teamsTeams togetherTeam positionsShared explorationLock speedFull tech treeHidden civsTurbo modeCheats
Victory
Defeat
🇹🇷 Teutons · Türkiye
855
+17
🇺🇸 Malians · United States
869
-17
cavusoglukml
8:56 Loom
12:52 Feudal Age
20:01 Castle Age
18:43 Double-Bit Axe
19:17 Horse Collar
20:20 Stone Mining
20:23 Gold Mining
25:30 Wheelbarrow
29:12 Bloodlines
31:30 Squires
34:37 Town Watch
35:08 Hand Cart
37:26 Stone Shaft Mining
42:02 Imperial Age
42:16 Cavalier
43:08 Forging
42:58 Scale Mail Armor
43:04 Scale Barding Armor
42:49 Fletching
42:59 Padded Archer Armor
43:46 Conscription
44:35 Pikeman
45:55 Heavy Plow
49:20 Halberdier
51:53 Ballistics
52:35 Chemistry
superhillbilly
8:01 Loom
10:42 Feudal Age
16:56 Castle Age
22:44 Husbandry
23:48 Scale Barding Armor
39:29 Imperial Age
37:35 Squires
37:21 Arson
41:28 Heavy Camel Rider
Connection lost

Rejoining the realm…

Still unreachable

The connection could not be restored.

Session expired

The server has moved on; the page needs a fresh start.